 Dungeon Crawl Stone Soup version 0.29.1-1-gd02db6906a (webtiles) character file.

Game seed: 9676503550279359517

7256 quakins the Severer (level 10, -4/90 HPs)
             Began as a Minotaur Berserker on Oct 4, 2022.
             Was an Elder of Trog.
             Killed from afar by an electric eel (7 damage)
             ... with a bolt of electricity
             ... on level 9 of the Dungeon.
             The game lasted 00:17:20 (10059 turns).

quakins the Severer (Minotaur Berserker)           Turns: 10059, Time: 00:17:20

Health: -4/90      AC: 16    Str: 27    XL:     10   Next: 88%
Magic:  9/9        EV:  8    Int:  4    God:    Trog [****..]
Gold:   538        SH:  0    Dex: 15    Spells: 9/9 levels left

rFire   + . .      SeeInvis .   o - +0 war axe
rCold   . . .      Faith    .   (no shield)
rNeg    . . .      Spirit   .   z - +0 plate armour
rPois   .          Reflect  .   C - +1 hat
rElec   .          Harm     .   s - +0 cloak
rCorr   .          Rampage  .   (no gloves)
Will    ++...                   (no boots)
Stlth   ..........              (no amulet)
HPRegen 1.25/turn               d - ring of protection from fire
MPRegen 0.11/turn               i - +6 ring of dexterity

@: strong-willed, on berserk cooldown, regenerating
A: horns 2, retaliatory headbutt, hooves 1, screaming 1
a: Renounce Religion, Berserk, Trog's Hand, Brothers in Arms


You were on level 9 of the Dungeon.
You worshipped Trog.
Trog was greatly pleased with you.
You visited 1 branch of the dungeon, and saw 9 of its levels.

You collected 538 gold pieces.

Inventory:

Hand Weapons
 o - a +0 war axe (weapon)
Armour
 s - a +0 cloak (worn)
 z - a +0 plate armour (worn)
 C - a +1 hat (worn)
Jewellery
 d - a ring of protection from fire (left hand)
 i - a +6 ring of dexterity (right hand)
 D - a +4 ring of evasion
Wands
 m - a wand of digging (3)
 q - a wand of paralysis (18)
Scrolls
 b - a scroll of noise
 e - a scroll of vulnerability {unknown}
 g - 3 scrolls of summoning {unknown}
 k - a scroll of fear {unknown}
 l - 5 scrolls of teleportation
 n - a scroll of enchant weapon {unknown}
 p - 3 scrolls of blinking {unknown}
 w - a scroll of butterflies {unknown}
 y - a scroll of silence {unknown}
 B - a scroll of immolation {unknown}
 E - a scroll of torment {unknown}
Potions
 a - a potion of heal wounds {unknown}
 c - 4 potions of might
 f - a potion of lignification
 h - 3 potions of flight
 j - 4 potions of degeneration
 r - 3 potions of attraction
 t - a potion of brilliance
 u - 2 potions of magic
 v - a potion of resistance {unknown}
 x - a potion of mutation
 F - a potion of curing {unknown}


   Skills:
 + Level 8.4 Fighting
 - Level 16.0 Axes
 - Level 10.0 Armour
 - Level 2.1 Dodging


You had 9 spell levels left.
You didn't know any spells.
Your spell library was empty.

Dungeon Overview and Level Annotations

Branches:
Dungeon (9/15)             Temple (0/1) D:7
   Lair: D:8-11         Orc: D:9-12

Altars:
Fedhas
Ru
Trog
Uskayaw
Wu Jian
Xom
Yredelemnul
The Shining One

Shops:
D:6 *   D:8 *


Innate Abilities, Weirdness & Mutations

You have a pair of horns on your head.
You reflexively headbutt those who attack you in melee.
You have large cloven feet.
You occasionally shout uncontrollably at your foes.


Message History

* * * LOW HITPOINT WARNING * * *
You cannot move.
You cannot move.
Unknown command.
Unknown command.
You feel a strong urge to attack something.
You feel your anger nearly subside.
You are no longer berserk.
You are exhausted.
You feel yourself slow down.
You cannot move.
Your transformation is almost over.
The electric eel shoots out a bolt of lightning at you!
The bolt of electricity hits you.
* * * LOW HITPOINT WARNING * * *
The electric eel shoots out a bolt of lightning at you!
The bolt of electricity hits you but does no damage.
It was a potion of mutation.
You feel extremely strange.
You feel the urge to shout.
Your feet thicken and deform.
The electric eel shoots out a bolt of lightning at you!
The bolt of electricity hits you!
* * * LOW HITPOINT WARNING * * *
You are too injured to fight recklessly!
An electric eel is nearby!
You don't know any spells.
You don't know any spells.
You don't know any spells.
It was a potion of cancellation.
Your magical effects are unravelling.
You feel magically purged.
You feel less wooden.
Your +0 cloak unmelds from your body.
Your +1 hat unmelds from your body.
Your +0 plate armour unmelds from your body.
You feel yourself speed up.
The electric eel shoots out a bolt of lightning at you!
The bolt of electricity hits you.
* * * LOW HITPOINT WARNING * * *
The electric eel shoots out a bolt of lightning at you!
The bolt of electricity hits you!
You die...

.....##......).....####.###
..).....####.#.########..#
.....#### #.#.PP..PP.PP.#
......# #.#.P#P.#.P#P.#
......# #.##≈≈S≈≈≈≈≈≈≈
......# #.............
........ #..#≈≈≈≈≈≈≈≈≈≈
#######.. ##...#..#.P#.. #.
##..@......P. #.##........
#..#...####. .#.##### #. .>
## ... ####


You could see an electric eel.

Vanquished Creatures
  Pikel (D:5)
  Maurice (D:9)
  Prince Ribbit (D:9)
  Sigmund (D:5)
  16 yaks
  3 wyverns (D:8)
  A steam dragon (D:8)
  3 vampire mosquitoes (D:6)
  3 water moccasins
  An orc warrior (D:8)
  A black bear (D:6)
  A sky beast (D:7)
  An ogre (D:5)
  A centaur (D:9)
  A lemure (D:5)
  A phantom (D:5)
  3 kobold brigands
  3 bullfrogs
  3 necrophages
  7 wights
  5 killer bees (D:7)
  2 howler monkeys (D:7)
  5 jellies
  2 orc priests (D:8)
  A gnoll bouda (D:8)
  5 hounds
  Crazy Yiuf (D:4)
  3 iguanas
  3 orc wizards
  6 gnolls
  7 adders
  A shadow imp (D:5)
  A white imp (D:5)
  An ufetubus (D:4)
  3 dart slugs
  27 orcs
  5 endoplasms
  2 giant cockroaches (D:2)
  6 goblins
  7 hobgoblins
  6 jackals (D:3)
  39 kobolds
  6 quokkas
  4 ball pythons
  3 bats
  A frilled lizard (D:1)
  6 rats
211 creatures vanquished.

Vanquished Creatures (others)
  3 fungi (D:4)
  47 plants
50 creatures vanquished.

Grand Total: 261 creatures vanquished

Notes
Turn   | Place    | Note
-------+----------+-------------------------------------------
     0 | D:1      | quakins the Minotaur Berserker began the quest for the Orb.
     0 | D:1      | Reached XP level 1. HP: 19/19 MP: 0/0
   228 | D:1      | You fall into a shaft and drop 1 floor!
   243 | D:2      | Reached skill level 4 in Axes
   287 | D:2      | Reached XP level 2. HP: 10/26 MP: 1/1
  1002 | D:2      | Reached skill level 5 in Axes
  1002 | D:2      | Reached XP level 3. HP: 8/31 MP: 2/2
  1320 | D:2      | Found a faded altar of an unknown god.
  1433 | D:2      | Reached ** piety under Trog
  2612 | D:3      | Reached skill level 6 in Axes
  2612 | D:3      | Reached XP level 4. HP: 28/39 MP: 3/3
  3287 | D:3      | Found a basalt altar of Yredelemnul.
  3355 | D:3      | Found a sacrificial altar of Ru.
  3355 | D:3      | Found a bloodstained altar of Trog.
  3359 | D:3      | Found a shimmering altar of Xom.
  3410 | D:3      | Found a glowing golden altar of the Shining One.
  3556 | D:3      | Noticed an angel
  3564 | D:3      | Noticed a profane servitor
  3717 | D:4      | Reached skill level 7 in Axes
  3717 | D:4      | Reached XP level 5. HP: 39/45 MP: 4/4
  3963 | D:4      | Reached skill level 8 in Axes
  3963 | D:4      | Reached XP level 6. HP: 46/51 MP: 5/5
  4193 | D:4      | Found a runed translucent door.
  4194 | D:4      | Noticed Crazy Yiuf
  4200 | D:4      | Killed Crazy Yiuf
  4295 | D:5      | Entered Level 5 of the Dungeon
  4341 | D:5      | Reached *** piety under Trog
  4385 | D:5      | Noticed Pikel
  4385 | D:5      | Noticed a water moccasin
  4398 | D:5      | Killed Pikel
  4399 | D:5      | Reached skill level 10 in Axes
  4399 | D:5      | Reached XP level 7. HP: 57/57 MP: 6/6
  4402 | D:5      | Reached skill level 11 in Axes
  4751 | D:5      | Noticed Sigmund
  4765 | D:5      | Killed Sigmund
  4766 | D:5      | Reached skill level 12 in Axes
  4766 | D:5      | Reached XP level 8. HP: 64/64 MP: 7/7
  4984 | D:5      | Identified the +11 short sword of Absolution {freeze, rCorr
                  | Str+4}
  5381 | D:5      | Found a blossoming altar of Fedhas.
  5744 | D:6      | Reached skill level 13 in Axes
  5921 | D:6      | Found Xauq's Gadget Gallery.
  6112 | D:6      | Reached skill level 14 in Axes
  6117 | D:6      | Reached XP level 9. HP: 48/70 MP: 8/8
  6130 | D:6      | Reached skill level 15 in Axes
  6463 | D:6      | Reached **** piety under Trog
  6816 | D:6      | HP: 1/105 [vampire mosquito (7)]
  7277 | D:6      | Reached skill level 16 in Axes
  7571 | D:5      | Found an ornate altar of the Wu Jian Council.
  7832 | D:7      | Reached skill level 5 in Armour
  7850 | D:7      | Reached XP level 10. HP: 77/77 MP: 9/9
  7959 | D:7      | Found a staircase to the Ecumenical Temple.
  9131 | D:8      | Found Affuhimp's General Store.
  9427 | D:9      | Reached skill level 10 in Armour
  9433 | D:9      | Reached skill level 5 in Fighting
  9629 | D:9      | Reached ***** piety under Trog
  9851 | D:9      | Noticed a +0 dagger
  9852 | D:9      | Noticed a +0 spear
  9853 | D:9      | Noticed a +0 short sword
  9853 | D:9      | Noticed a +0 dagger
  9854 | D:9      | Noticed a +0 spear
  9854 | D:9      | Noticed a +0 falchion
  9855 | D:9      | Noticed a +0 short sword
  9855 | D:9      | Noticed a +0 falchion
  9856 | D:9      | Found a hide-covered altar of Uskayaw.
  9969 | D:9      | Noticed Maurice
  9972 | D:9      | Paralysed by Maurice for 4 turns
  9994 | D:9      | Killed Maurice
 10012 | D:9      | Noticed Prince Ribbit
 10041 | D:9      | Killed Prince Ribbit
 10057 | D:9      | Gained mutation: You occasionally shout uncontrollably at
                  | your foes. [potion of mutation]
 10057 | D:9      | Gained mutation: You have large cloven feet. [potion of
                  | mutation]
 10057 | D:9      | HP: 6/135 [electric eel/bolt of electricity (10)]
 10058 | D:9      | HP: 2/90 [electric eel/bolt of electricity (4)]
 10059 | D:9      | Killed from afar by an electric eel

Illustrated notes

Levels and vault maps discovered:
D:1:      mrwooster_arrival_arrow, layout_basic, corexii_item_surrounded_by_moat
D:2:      layout_basic, shapermc_ecumenical_altar_ellora
D:3:      layout_loops_cross, grunt_temple_overflow_holy_war, minitemple
D:4:      layout_cave_pools, uniq_crazy_yiuf_cottage
D:5:      corexii_shack_village, layout_basic, nicolae_overflow_hidden_temple,
          lemuel_coloured_pillars_altar, uniq_pikel, uniq_sigmund
D:6:      kennysheep_kobold_camp, layout_loops_ring, nicolae_shop_gadgets
D:7:      layout_cave_pools, minmay_temple_entry_statues_fountains
D:8:      layout_cave_pools, serial_shops, nicolae_take_the_stairs,
          kennysheep_generic_room_11
D:9:      layout_rooms, nicolae_elyvilon_temple_path, nicolae_uskayaw_en_pointe,
          uniq_maurice, uniq_prince_ribbit1

Skill      XL: |  1  2  3  4  5  6  7  8  9 10 |
---------------+-------------------------------+-----
Axes           | 4 5 6 7 8 10 12 14 16 | 16.0
Armour         | 6 10 | 10.0
Fighting       | 8 |  8.4
Dodging        | |  2.1

Action                   |  1- 3 |  4- 6 |  7- 9 | 10-12 || total
-------------------------+-------+-------+-------+-------++-------
Melee: Hand axe          |    66 |    36 |       |       ||   102
       Headbutt          |    12 |    17 |    67 |    21 ||   117
       War axe           |       |    63 |   256 |   138 ||   457
       Punch             |       |     1 |     5 |       ||     6
Invok: Berserk           |     1 |     1 |     3 |     5 ||    10
       Trog's Hand       |       |     1 |     2 |     3 ||     6
  Use: Scroll            |     5 |       |       |     8 ||    13
       Potion            |       |       |       |     3 ||     3
Armor: Animal skin       |     1 |       |       |       ||     1
       Ring mail         |     9 |       |       |       ||     9
       Scale mail        |     2 |    39 |    42 |       ||    83
       Plate armour      |       |       |    23 |    91 ||   114
       Skin              |       |       |       |     3 ||     3
Dodge: Dodged            |    38 |    50 |    70 |    48 ||   206
